 Dungeon Crawl Stone Soup version 0.31-a0-819-gf6de2f5ab6 (webtiles) character file.

Game seed: 3309951716986536390

15 Bravepunisher the Ducker (level 2, 0/16 HPs)
             Began as a Spriggan Monk on Sept 23, 2023.
             Killed from afar by an orc wizard (11 damage)
             ... with a magic dart
             ... on level 4 of the Dungeon.
             The game lasted 00:01:29 (412 turns).

Bravepunisher the Ducker (Spriggan Monk)             Turns: 412, Time: 00:01:29

Health: 0/16       AC:  2    Str:  7    XL:     2   Next: 34%
Magic:  3/3        EV: 19    Int: 11    God:
Gold:   12         SH:  0    Dex: 17    Spells: 1/1 levels left

rFire   . . .        a - +0 short sword
rCold   . . .        (no shield)
rNeg    . . .        b - +0 robe
rPois   .            (helmet restricted)
rElec   .            (no cloak)
rCorr   .            (gloves unavailable)
SInv    +            (boots unavailable)
Will    .....        (no amulet)
Stlth   ++           (no ring)
HPRegen 0.22/turn    (no ring)
MPRegen 0.08/turn

%: no passive effects
@: very quick
A: very small, no large weapons, unfitting armour, see invisible, speed 3
a: no special abilities


You were on level 4 of the Dungeon.
You visited 1 branch of the dungeon, and saw 5 of its levels.

You collected 12 gold pieces.

Inventory:

Hand Weapons
 a - a +0 short sword (weapon)
Armour
 b - a +0 robe (worn)
Scrolls
 d - a scroll of teleportation {unknown}
Potions
 c - a potion of ambrosia


   Skills:
 * Level 2.9 Fighting
 - Level 3.2 Short Blades
 + Level 4.4 Dodging


You had one spell level left.
You didn't know any spells.
Your spell library contained the following spells:

 Spells                   Type           Power      Damage    Failure   Level
 Iskenderun's Battlesphe  Conj           0%         2d6       100%        5
 Bombard                  Conj/Erth      0%         9d1       100%        6
 Spellforged Servitor     Conj/Summ      0%         N/A       100%        7


Dungeon Overview and Level Annotations

Branches:
Dungeon (5/15)
 Temple: D:4-7

Altars:


Innate Abilities, Weirdness & Mutations

You are very small and have problems with some larger weapons.
You are too small for most types of armour.
You have supernaturally acute eyesight. (SInv)
You cover ground extremely quickly. (Speed+++)


Message History

You barely miss the adder.
The adder is severely wounded.
The adder completely misses you.
You barely miss the adder.
The adder is severely wounded.
The adder closely misses you.
You closely miss the adder.
The adder is severely wounded.
The adder barely misses you.
You barely miss the adder.
The adder is severely wounded.
The adder misses you.
You hit the adder.
The adder is almost dead.
The adder barely misses you.
You hit the adder.
The adder is almost dead.
The adder bites you.
You barely miss the adder.
The adder is almost dead.
The adder barely misses you.
You barely miss the adder.
The adder is almost dead.
The adder completely misses you. x2
You hit the adder.
You kill the adder!
You have reached level 2!
An orc is nearby!
You see here an adder corpse.
You open the door.
There is an open door here.
As you close the door, it creaks loudly!
A giant cockroach comes into view.
The orc wizard mumbles some strange words.
The orc wizard flickers and vanishes for a moment.
Found 9 stones.
The orc wizard points at you and mumbles some strange words.
The magic dart hits you!
Ouch! That really hurt!
You die...

≈≈ ... #.# #.# #.#
#.# #
#.#####.##.#### #
#..(...........
.#########@#
...........# #.##
#........# #...
#........# ####
#.......B#
####........##
####..+.........#
#....##.....o...#
#....##...........
#


You could see an orc wizard (invisible) and a giant cockroach.

Vanquished Creatures
  An adder (D:4)
  2 dart slugs (D:4)
  A kobold (D:3)
4 creatures vanquished.

Notes
Turn   | Place    | Note
-------+----------+-------------------------------------------
     0 | D:1      | Bravepunisher the Spriggan Monk began the quest for the
                  | Orb.
     0 | D:1      | Reached XP level 1. HP: 11/11 MP: 2/2
   259 | D:4      | Noticed an orc wizard
   260 | D:4      | Noticed an orc wizard
   260 | D:4      | Noticed an orc priest
   290 | D:5      | Entered Level 5 of the Dungeon
   290 | D:5      | Noticed an iguana
   386 | D:4      | Reached XP level 2. HP: 7/16 MP: 3/3
   412 | D:4      | Killed from afar by an orc wizard

Illustrated notes

Levels and vault maps discovered:
D:1:      lemuel_arrival_river_ford, layout_basic, serial_shops, shop,
          minmay_ruptured
D:2:      layout_loops_ring, minmay_tetromino_i2, uniq_crazy_yiuf_cottage
D:3:      layout_basic, minitemple, serial_shops, shop
D:4:      layout_basic, nicolae_uskayaw_suspiria, bh_walls_and_bars
D:5:      layout_basic, minmay_misc_feat_five, grunt_ministairs_7,
          dreamdust_mushroom_princess, uniq_menkaure, uniq_ijyb

Action                     || total
---------------------------++-------
  Melee: Short sword       ||    34
   Stab: Sleeping          ||     1
 Armour: Robe              ||     7
  Dodge: Dodged            ||    23

Table legend: (Time is in decaauts)
 A = Elapsed time spent in this place.
 B = Non-inter-level travel time spent in this place.
 C = Inter-level travel time spent in this place.
 D = Time resting spent in this place.
 E = Time spent auto-exploring this place.
 F = Levels seen in this place.
 G = Mean time per level.
                   A        B        C        D        E       F      G
               +--------+--------+--------+--------+--------+-----+--------+
         Total |    266 |    266 |      0 |      0 |    106 |   5 |   53.2 |
       Dungeon |    266 |    266 |      0 |      0 |    106 |   5 |   53.2 |
               +--------+--------+--------+--------+--------+-----+--------+

Top non-repeatable levels by time:
     D:4: 170 daAuts
     D:3: 73 daAuts
     D:1: 11 daAuts
     D:2: 8 daAuts
     D:5: 1 daAuts
